 Dungeon Crawl Stone Soup version 0.31-a0-971-g75a2e9a4b4 (webtiles) character file.

Game seed: 16199872657325060131

56 IdlyInterested the Changeling (level 3, 0/26 HPs)
             Began as a Demonspawn Shapeshifter on Oct 28, 2023.
             Slain by a worm (9 damage)
             ... on level 3 of the Dungeon.
             The game lasted 00:04:34 (1798 turns).

IdlyInterested the Changeling (DsSh)                Turns: 1798, Time: 00:04:35

Health: 0/26       AC:  5    Str: 16    XL:     3   Next: 71%
Magic:  3/3        EV: 11    Int: 11    God:
Gold:   86         SH:  0    Dex: 12    Spells: 2/2 levels left

rFire   . .          .
                       - Unarmed
rCold   . . .        (no shield)
rNeg    . . .        f - +0 ring mail
rPois   .            (helmet currently unavailable)
rElec   .            (cloak currently unavailable)
rCorr   .            (gloves currently unavailable)
SInv    .            (boots currently unavailable)
Will    .....        (no amulet)
Stlth   +            (no ring)
HPRegen 0.24/turn    (no ring)
MPRegen 0.08/turn

%: no passive effects
@: beast-form
A: beast (slay +1), horns 1
a: Begin Untransformation


You were on level 3 of the Dungeon.
You were a hulking beast.
You visited 1 branch of the dungeon, and saw 3 of its levels.

You collected 86 gold pieces.

Inventory:

Hand Weapons
 e - a +0 dagger
 o - a +0 hand axe
 p - a +0 long sword
Missiles
 h - 35 stones (quivered)
 l - 2 poisoned darts
Armour
 a - a +0 animal skin
 f - a +0 ring mail (worn)
Talismans
 c - a beast talisman
 d - a flux talisman
Scrolls
 g - a scroll of teleportation
 q - a scroll of acquirement
 r - a scroll of revelation
 s - a scroll of fog {unknown}
Potions
 b - 2 potions of lignification
 i - a potion of heal wounds {unknown}
 j - 2 potions of enlightenment {unknown}
 k - a potion of invisibility {unknown}
 m - a potion of curing {unknown}


   Skills:
 - Level 1.0 Fighting
 - Level 1.0 Throwing
 - Level 1.0 Armour
 - Level 1.7 Dodging
 + Level 0.0 Stealth
 + Level 3.2 Unarmed Combat
 * Level 3.3 Shapeshifting


You had 2 spell levels left.
You didn't know any spells.
Your spell library contained the following spells:

 Spells                   Type           Power      Damage    Failure   Level
 Cigotuvi's Dreadful Rot  Necr/Pois/Air  0%         N/A       71%         2
 Ensorcelled Hibernation  Hex/Ice        0%         N/A       71%         2
 Jinxbite                 Hex            0%         N/A       71%         2
 Anguish                  Hex/Necr       0%         N/A       100%        4
 Dispel Undead            Necr           0%         3d6       100%        4
 Death Channel            Necr           0%         N/A       100%        6


Dungeon Overview and Level Annotations

Branches:
Dungeon (3/15)

Altars:

Portals:
Sewer: D:3


Innate Abilities, Weirdness & Mutations

You are a hulking beast.
Your limbs bulge with bestial killing power. (Slay +1)
You have a pair of small horns on your head.


Message History

The rat bites you but does no damage. The river rat completely misses you.
You closely miss the river rat. You headbutt the river rat.
The river rat is almost dead.
The worm bites you but does no damage. The rat bites you but does no damage.
You hit the worm but do no damage. The rat barely misses you.
The river rat closely misses you. The worm barely misses you.
You hit the worm but do no damage. The river rat bites you.
The rat bites you but does no damage.
You barely miss the river rat.
The river rat is almost dead.
The rat bites you. The rat bites you but does no damage.
The river rat barely misses you. The worm bites you.
You hit the river rat but do no damage.
The river rat is almost dead.
The rat closely misses you. The rat barely misses you.
The rat closely misses you. The river rat closely misses you.
You hit the river rat but do no damage. Your headbutt misses the river rat.
The river rat is almost dead.
The rat bites you but does no damage. The worm closely misses you.
The rat barely misses you. The river rat bites you. The rat closely misses you.
You completely miss the river rat.
You punch the river rat, but do no damage.
The river rat is almost dead.
The rat bites you but does no damage. The rat barely misses you.
The rat bites you. The river rat bites you.
You hit the river rat but do no damage.
The river rat is almost dead.
The rat barely misses you. The worm completely misses you.
The rat barely misses you. The river rat barely misses you. The rat misses you.
You hit the river rat.
You kill the river rat!
The rat bites you but does no damage. The rat bites you.
The rat completely misses you.
Training target 1.0 for Throwing reached!
Your Throwing skill increases to level 1!
Unknown command.
You punch the worm!
The worm is heavily wounded.
The worm bites you!
You die...

**,* *,,* **#..,,..,,,,
*,****.#############..##.##***
*,**,,....#.....#....###.####.
*,,,,,........................
*,,,,,..................†...#*
*,,,,~~~...............<....#
*,,,~~~~~...................#
*,,,~~∩~~...w†..............#
*,,,~~~~~...rh....†..^......#
*,,,,~~~....rr..............#
*,,,,,...........#..........#
*,,,,,..........#############
*,,,,,.####################
******** ################
################
################


You could see a worm and 3 rats.

Vanquished Creatures
  An adder (D:2)
  A river rat (D:3)
  A worm (D:3)
  4 endoplasms
  2 goblins (D:2)
  5 hobgoblins
  2 kobolds (D:1)
  2 quokkas (D:1)
  5 ball pythons
  5 bats
  2 frilled lizards
  5 rats
35 creatures vanquished.

Notes
Turn   | Place    | Note
-------+----------+-------------------------------------------
     0 | D:1      | IdlyInterested the Demonspawn Shapeshifter began the quest
                  | for the Orb.
     0 | D:1      | Reached XP level 1. HP: 15/15 MP: 1/1
   237 | D:1      | Gained mutation: You have a pair of small horns on your
                  | head. [demonic ancestry]
   237 | D:1      | Reached XP level 2. HP: 16/21 MP: 2/2
   324 | D:1      | Reached skill level 1 in Armour
   977 | D:2      | Reached XP level 3. HP: 21/26 MP: 3/3
  1766 | D:3      | Identified the "Egreaq"
  1777 | D:3      | Identified a scroll of acquirement
  1784 | D:3      | Found a glowing drain.
  1798 | D:3      | Reached skill level 1 in Throwing
  1798 | D:3      | Slain by a worm

Illustrated notes

Levels and vault maps discovered:
D:1:      dpeg_arrival_erosion, layout_basic
D:2:      layout_basic, hex_intersection
D:3:      layout_rooms, portal_sewer_entry_a,
          shapermc_ecumenical_altar_rom_forum

Skill      XL: |  1  2  3 |
---------------+----------+-----
Armour         | 1 |  1.0
Unarmed Combat | 3 |  3.2
Shapeshifting  | 3 |  3.3
Throwing       | 1 |  1.0
Fighting       | |  1.0
Dodging        | |  1.7

Action                     || total
---------------------------++-------
  Melee: Unarmed           ||    99
         Headbutt          ||     8
         Punch             ||     4
    Use: Scroll            ||     3
 Armour: Animal skin       ||     3
         Ring mail         ||    54
  Dodge: Dodged            ||    62

Table legend: (Time is in decaauts)
 A = Elapsed time spent in this place.
 B = Non-inter-level travel time spent in this place.
 C = Inter-level travel time spent in this place.
 D = Time resting spent in this place.
 E = Time spent auto-exploring this place.
 F = Levels seen in this place.
 G = Mean time per level.
                   A        B        C        D        E       F      G
               +--------+--------+--------+--------+--------+-----+--------+
         Total |   1792 |   1521 |    271 |    121 |   1030 |   3 |  597.3 |
       Dungeon |   1792 |   1521 |    271 |    121 |   1030 |   3 |  597.3 |
               +--------+--------+--------+--------+--------+-----+--------+

Top non-repeatable levels by time:
     D:2: 908 daAuts
     D:1: 853 daAuts
     D:3: 30 daAuts
